 Dungeon Crawl Stone Soup version 0.30.1-11-g7821555f0a (webtiles) character file.

Game seed: 18143464992779211887

14407 Peloso the Fencer (level 11, -2/101 HPs)
             Began as a Minotaur Fighter on Nov 15, 2023.
             Was a High Priest of Okawaru.
             Slain by a reaper
             ... wielding a +1 scythe of freezing
              (5 damage)
             ... in an ice cave.
             The game lasted 00:24:58 (13400 turns).

Peloso the Fencer (Minotaur Fighter)               Turns: 13400, Time: 00:24:58

Health: -2/101     AC: 24    Str: 21    XL:     11   Next: 88%
Magic:  8/10       EV: 10    Int:  5    God:    Okawaru [*****.]
Gold:   145        SH:  7    Dex: 14    Spells: 10/10 levels left

rFire   x . .        a - +4 demon blade (flame)
rCold   + . .        d - +0 buckler
rNeg    . . .        c - +1 plate armour
rPois   .            (helmet restricted)
rElec   .            (no cloak)
rCorr   .            (no gloves)
SInv    .            n - +0 pair of boots
Will    .....        (no amulet) Stlth
                     o - +4 ring of protection
HPRegen 0.36/turn    K - ring of ice
MPRegen 0.12/turn

%: no passive effects
@: about to teleport, heroic
A: horns 2, retaliatory headbutt
a: Renounce Religion, Heroism, Finesse, Duel


You were in an ice cave.
You worshipped Okawaru.
Okawaru was extremely pleased with you.
You visited 2 branches of the dungeon, and saw 12 of its levels.
You also visited: Ice Cave.

You collected 613 gold pieces.
You spent 468 gold pieces at shops.

Inventory:

Hand Weapons
 a - a +4 demon blade of flaming (weapon)
 b - a +0 long sword
Armour
 c - a +1 plate armour (worn)
 d - a +0 buckler (worn)
 n - a +0 pair of boots (worn)
Jewellery
 k - a ring of fire
 o - a +4 ring of protection (left hand)
 K - a ring of ice (right hand)
 L - a ring of flight
Wands
 u - a wand of mindburst (13)
 v - a wand of flame (4)
 y - a wand of roots (5)
 F - a wand of paralysis (5)
 I - a wand of polymorph (7)
Scrolls
 f - 2 scrolls of noise
 i - a scroll of enchant armour
 l - 3 scrolls of poison
 q - 2 scrolls of amnesia
 r - 2 scrolls of immolation
 s - 2 scrolls of summoning
 E - a scroll of fog
 G - 2 scrolls of enchant weapon
Potions
 e - 3 potions of might
 h - 4 potions of mutation
 m - a potion of flight
 p - 2 potions of curing
 t - 2 potions of magic
 x - 2 potions of attraction {unknown}
 z - a potion of resistance {unknown}
 C - a potion of heal wounds
Miscellaneous
 J - a box of beasts


   Skills:
 + Level 10.9(15.9) Fighting
 + Level 15.0(20.0) Long Blades
 + Level 11.9(16.9) Armour
 + Level 1.5(6.5) Dodging
 + Level 1.1(6.1) Stealth
 + Level 9.0(14.0) Shields
 + Level 0.5 Invocations
 + Level 1.1 Evocations


You had 10 spell levels left.
You didn't know any spells.
Your spell library contained the following spells:

 Spells                   Type           Power      Damage    Failure   Level
 Frozen Ramparts          Ice            0%         1d1       100%        3
 Ozocubu's Armour         Ice            0%         N/A       100%        3
 Portal Projectile        Hex/Tloc       0%         N/A       100%        3
 Teleport Other           Tloc           0%         N/A       100%        3
 Cause Fear               Hex            0%         N/A       100%        4
 Petrify                  Tmut/Erth      0%         N/A       100%        4
 Blade Hands              Tmut           0%         N/A       100%        5
 Metabolic Englaciation   Hex/Ice        0%         N/A       100%        5
 Statue Form              Tmut/Erth      0%         N/A       100%        6
 Dragon Form              Tmut           0%         N/A       100%        7
 Ozocubu's Refrigeration  Ice            0%         4d7       100%        7
 Tukima's Dance           Hex            Unusable   N/A       N/A         3
 Dragon's Call            Summ           Unusable   N/A       N/A         9

Dungeon Overview and Level Annotations

Branches:
Dungeon (11/15)            Temple (1/1) D:7            Lair (0/5) D:10
  IceCv (1/1)
    Orc: D:9-12

Altars:
Ashenzari
Cheibriados
Dithmenos
Elyvilon
Gozag
Hepliaklqana
Makhleb
Nemelex Xobeh
Okawaru
Qazlal
Ru
Sif Muna
Trog
Uskayaw
Vehumet
Wu Jian
Xom
Yredelemnul
Zin
The Shining One

Shops:
D:5 *[*   D:6 (   D:10 *

Annotations:
D:11 Fannar


Innate Abilities, Weirdness & Mutations

You have a pair of horns on your head.
You reflexively headbutt those who attack you in melee.


Message History

Okawaru accepts your kill.
Really walk into that cloud of freezing vapour? [Y]es or [N]o only, please.
Really walk into that cloud of freezing vapour? [Y]es or [N]o only, please.
Really walk into that cloud of freezing vapour?
Okay, then.
An ice devil comes into view.
Really walk into that cloud of freezing vapour? [Y]es or [N]o only, please.
Really walk into that cloud of freezing vapour? [Y]es or [N]o only, please.
Really walk into that cloud of freezing vapour? [Y]es or [N]o only, please.
Really walk into that cloud of freezing vapour? [Y]es or [N]o only, please.
Really walk into that cloud of freezing vapour?
Okay, then.
You are engulfed in freezing vapours.
You resist. The reaper shouts, "Death awaits you!" The ice devil hits you.
The ice devil freezes you. You resist.
The reaper hits you from afar with a +1 scythe of freezing!!
The reaper freezes you.
You hit the ice devil but do no damage.
The ice devil hits you but does no damage.
The reaper completely misses you.
You hit the ice devil. You burn the ice devil.
The ice devil is lightly wounded.
The reaper hits you from afar with a +1 scythe of freezing!
The reaper freezes you.
The ice devil hits you but does no damage.
You gain the combat prowess of a mighty hero.
The ice devil hits you! The ice devil freezes you. You resist.
You block the reaper's attack.
As you read the scroll of teleportation, it crumbles to dust.
You feel strangely unstable. The ice devil closely misses you.
The reaper hits you from afar with a +1 scythe of freezing!!
* * * LOW HITPOINT WARNING * * *
The reaper freezes you.
You die...

##..##...###..#..
#...###..# ○§§☼
#..##.#.## §☼§#
#..#....## §§☼#
#..##....###○.☼#
##..#....##§2§§###
#..##..[##.4§§§.#
##..#.)##.§#Z....#
#.@####..## .....
##4###...# .4..
##2.#..## ...
#....## .. ##..##
. ####


You could see a reaper and an ice devil.

Vanquished Creatures
  2 two-headed ogres (D:10)
  A cyclops (D:8)
  2 ice statues (IceCv)
  A freezing wraith (IceCv)
  2 kobold demonologists
  2 komodo dragons (D:10)
  2 unseen horrors
  3 ice devils (IceCv)
  A troll (D:11)
  3 shadows
  4 wyverns
  Eustachio (D:5)
  21 yaks
  A wraith (D:9)
  2 basilisks (D:10)
  3 death yak simulacra (IceCv)
  2 steam dragons
  2 vampire mosquitoes (D:8)
  3 acid dragons (D:10)
  A hydra simulacrum (IceCv)
  A water moccasin (D:8)
  An orc warrior (D:8)
  An ice beast (D:8)
  3 centaurs
  A sky beast (D:7)
  5 ogres
  2 phantoms (D:4)
  2 kobold brigands
  4 bullfrogs
  2 scorpions (D:7)
  2 cane toad simulacra (IceCv)
  2 gnoll sergeants (D:6)
  A two-headed ogre simulacrum (IceCv)
  2 elephant simulacra (IceCv)
  12 killer bees
  A howler monkey (D:6)
  2 jellies
  8 hounds
  A gnoll bouda (D:3)
  3 sleepcaps
  3 iguanas
  Natasha (D:2)
  6 orc wizards
  3 troll simulacra (IceCv)
  2 spriggan simulacra (IceCv)
  A polar bear simulacrum (IceCv)
  8 adders
  17 gnolls
  2 naga simulacra (IceCv)
  A shadow imp (D:8)
  A white imp (D:7)
  2 ufetubi
  2 worms
  A dart slug (D:3)
  18 orcs
  5 bats
  14 endoplasms
  A giant cockroach (D:3)
  7 goblins
  5 hobgoblins
  9 jackals
  4 quokkas
  10 ball pythons
  A frilled lizard (D:1)
  7 kobolds
  7 rats
  A spectral hobgoblin (D:1)
254 creatures vanquished.

Notes
Turn   | Place    | Note
-------+----------+-------------------------------------------
     0 | D:1      | Peloso the Minotaur Fighter began the quest for the Orb.
     0 | D:1      | Reached XP level 1. HP: 19/19 MP: 0/0
   203 | D:1      | Reached XP level 2. HP: 24/27 MP: 1/1
   371 | D:1      | Found a faded altar of an unknown god.
   545 | D:1      | Reached skill level 3 in Long Blades
   776 | D:2      | Reached XP level 3. HP: 27/33 MP: 2/2
   904 | D:2      | You fall into a shaft and drop 1 floor!
  1015 | D:2      | Noticed Natasha
  1021 | D:2      | Killed Natasha
  1022 | D:2      | Reached skill level 4 in Long Blades
  1022 | D:2      | Reached XP level 4. HP: 39/41 MP: 3/3
  1588 | D:3      | Reached XP level 5. HP: 37/47 MP: 4/4
  1609 | D:3      | Reached skill level 5 in Long Blades
  2593 | D:3      | Reached skill level 5 in Armour
  2710 | D:4      | Noticed a phantom
  2719 | D:4      | Killed a phantom
  2720 | D:4      | Reached XP level 6. HP: 48/55 MP: 5/5
  2754 | D:4      | Found a broken altar of Ashenzari.
  3040 | D:4      | Reached skill level 6 in Long Blades
  3623 | D:4      | Found a snail-covered altar of Cheibriados.
  3695 | D:5      | Entered Level 5 of the Dungeon
  3695 | D:5      | Noticed Eustachio
  3695 | D:5      | Found Ycisch's Armour Shop.
  3704 | D:4      | Reached skill level 5 in Fighting
  3704 | D:4      | Reached XP level 7. HP: 25/61 MP: 6/6
  3963 | D:5      | Killed Eustachio
  3964 | D:5      | Reached skill level 7 in Long Blades
  4038 | D:5      | Found Otrodeiq's Elemental Accessories.
  4226 | D:5      | Found an opulent altar of Gozag.
  4323 | D:5      | Found Gozag's Platinum Reserve.
  4367 | D:5      | Reached skill level 8 in Long Blades
  4367 | D:5      | Reached XP level 8. HP: 51/68 MP: 7/7
  4677 | D:5      | Reached skill level 5 in Shields
  5485 | D:6      | Found a shimmering blue altar of Sif Muna.
  5662 | D:6      | Found Tezxies's Antique Weapon Shop.
  5752 | D:6      | Reached skill level 9 in Long Blades
  6304 | D:7      | Found a staircase to the Ecumenical Temple.
  6336 | Temple   | Entered the Ecumenical Temple
  6349 | Temple   | Became a worshipper of Warmaster Okawaru
  6716 | D:7      | Found a bloodstained altar of Trog.
  6725 | D:7      | Found a radiant altar of Vehumet.
  6820 | D:7      | Reached XP level 9. HP: 26/75 MP: 8/8
  6828 | D:7      | Reached skill level 10 in Long Blades
  7009 | D:7      | Found a sparkling altar of Nemelex Xobeh.
  7232 | D:8      | Noticed a kobold demonologist
  7234 | D:8      | Noticed a sixfirhy
  7242 | D:8      | Killed a kobold demonologist
  7242 | D:8      | Reached * piety under Okawaru
  7276 | D:8      | Reached skill level 1 in Stealth
  7519 | D:8      | Reached skill level 11 in Long Blades
  7902 | D:8      | Killed an unseen horror
  7902 | D:8      | Reached ** piety under Okawaru
  8117 | D:8      | Got the Anthology of Distance and the Crevasse
  8315 | D:8      | Found a glowing silver altar of Zin.
  8441 | D:8      | Reached XP level 10. HP: 86/86 MP: 9/9
  8456 | D:8      | Reached skill level 12 in Long Blades
  8516 | D:8      | Noticed a cyclops
  8524 | D:8      | Killed a cyclops
  8732 | D:9      | Reached skill level 1 in Dodging
  8739 | D:9      | Reached skill level 10 in Armour
  8758 | D:9      | Reached *** piety under Okawaru
  9338 | D:9      | Reached skill level 13 in Long Blades
  9485 | D:9      | Reached **** piety under Okawaru
  9837 | D:9      | Reached ***** piety under Okawaru
  9838 | D:9      | Reached XP level 11. HP: 82/95 MP: 10/10
 10001 | D:9      | Reached skill level 14 in Long Blades
 10292 | D:10     | Entered Level 10 of the Dungeon
 10296 | D:10     | Noticed a two-headed ogre
 10299 | D:10     | Noticed a two-headed ogre
 10305 | D:10     | Killed a two-headed ogre
 10312 | D:10     | Killed a two-headed ogre
 10313 | D:10     | Reached skill level 1 in Evocations
 10365 | D:10     | Found a shadowy altar of Dithmenos.
 10403 | D:10     | Identified the +5 scale mail "Bifus" {Harm rElec rC+ Str-2}
 10437 | D:10     | Found Dedofisu's Blasphemy Boutique.
 10447 | D:10     | Bought a +2 demon blade of flaming for 468 gold pieces
 10819 | D:10     | Reached skill level 10 in Fighting
 11531 | D:10     | Found a staircase to the Lair.
 11709 | D:11     | Noticed Fannar
 11732 | D:11     | Noticed a boulder beetle
 11733 | D:11     | Noticed a two-headed ogre
 11773 | D:11     | Found a frozen archway.
 11782 | IceCv    | Entered an ice cave
 12371 | IceCv    | Identified the +1 triple sword of the Transparent God
                  | {freeze, rElec rN+ Will+ Int-2} (Okawaru gifted it to you
                  | in an ice cave)
 12371 | IceCv    | Received a gift from Okawaru
 13239 | IceCv    | Noticed a reaper
 13330 | IceCv    | Reached skill level 15 in Long Blades
 13400 | IceCv    | HP: 3/101 [reaper/+1 scythe of freezing (29)]
 13400 | IceCv    | Slain by a reaper

Illustrated notes

Levels and vault maps discovered:
D:1:      minmay_arrival_cross, layout_basic,
          dreamdust_ecumenical_altar_drowned_temple
D:2:      layout_rooms, uniq_natasha
D:3:      layout_basic, serial_co_window_serial, co_window_corner_a,
          co_window_of_opportunity_a, co_window_corner_a,
          co_window_of_opportunity_a, co_window_paths_a, co_window_paths_a,
          co_window_of_opportunity_a, co_window_corner_b,
          co_window_of_opportunity_b, co_window_of_opportunity_b,
          co_window_broadway_a, co_window_broadway_c, co_window_corner_b,
          co_window_broadway_a, glass_columns_b, glass_columns_a,
          glass_columns_a, glass_columns_a, minmay_three_crescents
D:4:      layout_basic, evilmike_ruin_ashenzari, cheibrodos_worm_habitat,
          kennysheep_flooded_box
D:5:      layout_basic, nicolae_gozag_zags_fifth_avenue, nicolae_elemental_shop,
          nicolae_stop_n_shop_1, uniq_eustachio
D:6:      layout_cave_pods, nicolae_sif_muna_condensation, serial_shops,
          nicolae_shop_peninsula, serial_park, serial_park_square2,
          serial_park_tiny_pond, serial_park_tiny_pond, grunt_ministairs_3
D:7:      layout_loops_ring, nicolae_overflow_hidden_temple,
          mainiacjoe_overflow_swirl, minmay_temple_entry_sparse_star,
          nicolae_figureground_pulse
D:8:      minmay_skewed_foursquare, layout_basic, zin_scriptorium, st_stairs_8
D:9:      layout_stronghold, st_stairs_12, grunt_decor_mini_mirrors,
          minmay_splitting_lines
D:10:     layout_basic, nicolae_dithmenos_shadow_blocks, erik_lair_dragon,
          hex_intersection, nicolae_evil_shop
D:11:     layout_basic, portal_ice_cave_entry_pillars_1, uniq_fannar
Temple:   cyrus_circular_temple
IceCv:    ice_cave_small_demon

Skill      XL: |  1  2  3  4  5  6  7  8  9 10 11 |
---------------+----------------------------------+-----
Armour         | 4 5 6 7 8 9 10 11 | 11.9
Long Blades    | 3 4 5 6 8 9 11 13 15 | 15.0
Fighting       | 4 5 7 8 10 | 10.9
Shields        | 4 6 7 8 9 |  9.0
Stealth        | 1 |  1.1
Dodging        | 1 |  1.5
Evocations     | 1 |  1.1
Invocations    | |  0.5

Action                     |  1- 3 |  4- 6 |  7- 9 | 10-12 || total
---------------------------+-------+-------+-------+-------++-------
  Melee: Long sword        |    92 |   170 |   331 |   237 ||   830
         Headbutt          |    12 |    31 |    66 |   105 ||   214
         Demon blade       |       |       |       |   191 ||   191
 Invoke: Heroism           |       |       |     1 |     6 ||     7
  Evoke: Wand              |       |       |     5 |     7 ||    12
    Use: Potion            |     1 |     1 |     1 |     4 ||     7
         Scroll            |       |     5 |     3 |    17 ||    25
   Stab: Distracted        |       |       |       |     1 ||     1
 Armour: Plate armour      |    70 |   113 |   273 |   233 ||   689
         Scale mail        |     3 |       |       |       ||     3
  Dodge: Dodged            |    24 |    51 |   104 |   104 ||   283
  Block: Buckler           |    16 |    53 |    99 |    85 ||   253
